Workbook
Name _idg1: #REF!
Name _idg2: #REF!
Name _idg3: #REF!
Name _ids1: #REF!
Name _ids2: #REF!
Name Batch1_From: #REF!
Name Batch1_To: #REF!
Name Batch2_From: #REF!
Name Batch2_To: #REF!
Name cclist: #REF!
Name colAttachment: #REF!
Name colEmail: #REF!
Name colName: #REF!
Name colSendOrNot: #REF!
Name colSuccess: #REF!
Name CurrQtr: [1]Inputs!$C$5
Name CurrQtr: #REF!
Name data: #REF!
Name DATA1: #REF!
Name DATA10: #REF!
Name DATA11: #REF!
Name DATA12: #REF!
Name DATA13: #REF!
Name DATA14: #REF!
Name DATA15: #REF!
Name DATA16: #REF!
Name DATA17: #REF!
Name DATA18: #REF!
Name DATA19: #REF!
Name data2: #REF!
Name DATA20: #REF!
Name DATA21: #REF!
Name DATA22: #REF!
Name DATA23: #REF!
Name DATA24: #REF!
Name DATA25: #REF!
Name DATA26: #REF!
Name DATA27: #REF!
Name DATA28: #REF!
Name DATA29: #REF!
Name DATA3: #REF!
Name DATA30: #REF!
Name DATA31: #REF!
Name DATA32: #REF!
Name DATA33: #REF!
Name DATA34: #REF!
Name DATA35: #REF!
Name DATA36: #REF!
Name DATA37: #REF!
Name DATA38: #REF!
Name DATA39: #REF!
Name DATA4: #REF!
Name DATA40: #REF!
Name DATA41: #REF!
Name DATA42: #REF!
Name DATA43: #REF!
Name DATA44: #REF!
Name DATA45: #REF!
Name DATA46: #REF!
Name DATA47: #REF!

Sheet MASTER Bill of Materials SPVC
A1: Factors of production - Bill of materials
A3: Product concerned: | B3: SPVC
A4: Company name: | B4: Inovyn
A5: Production site(s) concerned: | B5: [confidential]
A6: Period considered: | B6: [confidential]
A7: Total quantity of product concerned produced: | C7: [confidental] | D7: tons
B9: Factor of production | C9: HS code1 | D9: Unit2 | E9: Unit price (in €/unit) | F9: Quantity consumed to produce 1 MT of product concerned (in unit) | G9: Value to produce 1 MT of product concerned (in €)
A10: Direct raw material | B10: Ethylene | C10: 290121 | D10: MT | E10: [confidental] | F10: [confidental] | G10: [confidental]
B11: Chlorine | C11: 280110 | D11: MT | E11: [confidental] | F11: [confidental] | G11: [confidental]
B12: Chemicals | D12: MT or kg | G12: [confidental] | H12: Including initiators, dispersing agents, other additives
B13: Vinyl Acetate Monomer | C13: 291532 | D13: MT or kg | E13: [confidental] | F13: [confidental] | G13: [confidental]
B14: Others | D14: MT or kg | G14: [confidental] | H14: Hydrogen, nitrogen, oxygen, caustic, logistic costs linked to purchases of EDC and VCM.
B15: Raw material cost total | G15: =SUM(G10:G14) -> 0
A16: By-product or waste3 | B16: Scrap (if applicable) | D16: MT or kg
B17: Waste (if applicable)
B18: By-product or scrap | G18: =SUM(G16:G17) -> 0
A19: Energy and utilities | B19: Energy - Electricity | C19: n.a. | D19: MWh | E19: [confidental] | F19: [confidental] | G19: [confidental] | H19: Used in PVC, VCM and EDC
B20: Energy - Gaz | C20: n.a. | D20: GJ | E20: [confidental] | F20: [confidental] | G20: [confidental] | H20: Used in PVC, VCM and EDC
B21: Energy - Steam | C21: n.a. | D21: GJ | E21: [confidental] | F21: [confidental] | G21: [confidental] | H21: Used in PVC, VCM and EDC
B22: Utility - Water | C22: n.a. | D22: Liter
B23: Energy cost total | G23: =SUM(G19:G22) -> 0
A24: Direct labour | B24: Direct labour | C24: n.a. | D24: hours | E24: [confidental] | F24: [confidental] | G24: [confidental]
B25: Labour cost total | G25: =SUM(G24:G24) -> 0
A26: Packaging | B26: Packing materials (all together) | D26: Mix | G26: [confidental]
B27: Packing material 2 (wood) | D27: kg
B28: Packing material 3 (paper) | D28: kg
B29: Packing labour | D29: hours worked
B30: Packing cost total | G30: =SUM(G26:G29) -> 0
A31: Other direct cost | B31: Please specify | G31: 0
B32: Please specify
B33: Please specify
B34: Other direct cost total | G34: =SUM(G31:G33) -> 0
A35: TOTAL DIRECT COST | G35: =G34+G30+G25+G23+G18+G15 -> 0
A37: Manufacturing overheads
B38: Depreciation | G38: [confidental]
B39: Maintenance | G39: [confidental]
B40: Indirect labour (if not included in direct labour) | G40: [confidental]
B41: Energy and utilities (if not included in direct energy)
A42: TOTAL MANUFACTURING OVERHEADS | G42: =SUM(G38:G41) -> 0
B44: TOTAL COST OF MANUFACTURING | G44: [confidental]
A47: 1 Please specify the commodity code under the Harmonized System of the World Customs Organisation, which are identified by a 6-digit code. http://www.wcoomd.org/
A48: 2 Please specify the unit used, e.g. tons, liter, kWh, hour worked, etc.
A49: 3 If sold or re-introduced into production, please indicate a negative value ; If by-product is a waste, please indicate the value of disposal as a cost.

Sheet Mexico Raw Material Value
B2: Raw Materials
C4: Total value (GBP) | D4: Total volume (tonnes) | E4: Unit price (tonne)
B5: Ethylene (HS code 290121) | C5: 4595826.3 | D5: 6763.07 | E5: =SUM(C5/D5) -> 679.54735
B6: Chlorine (HS code 280110) | C6: 3969098.5 | D6: 8656.77 | E6: =SUM(C6/D6) -> 458.49647
B7: Vinyl Acetate (HS code 291532) | C7: 52259217 | D7: 72404.61 | E7: =SUM(C7/D7) -> 721.76644
B13: Energy & Utilities
B15: HS Tariff (sub transmission industrial) convering demand charges to kWH equivalents for typical heavy industry load profile and weighted energy charges | C15: 2.046 | G15: https://app.cfe.mx/Aplicaciones/CCFE/Tarifas/TarifasCREIndustria/Tarifas/DemandaIndustrialSub.aspx
B16: HS Tariff (£/MWh) | C16: =(C15*1000)*0.03916 -> 80.12136
B21: Natural gas Henry Hub ($/MMBtu) Dec24-Nov25 | C21: 3.55
B22: Converted to GBP per GJ | C22: =(C21/1.055)*0.76309 -> 2.5677436
B24: Steam (£/GJ) 85% boiler efficiency | C24: =C22/0.85 -> 3.0208748 | G24: https://docs.nrel.gov/docs/fy12osti/52750.pdf
B33: Labour
B34: Hourly rate for manufacturing engineers ($) | C34: 13.26 | G34: https://insights.tetakawi.com/manufacturing-wages-in-mexico-executive-benchmark-guide
B35: Hourly rate for manufacturing engineers (£) | C35: =C34*0.76309 -> 10.118573
B100: https://www.aralsan.com/en/steam-cost-turkey

Sheet Mexico imports raw material
A1: Year | B1: Month | C1: Reporter | D1: Trade Direction | E1: Trade Partner | F1: HS2 Code | G1: Tariff Line Code | H1: Tariff Line Description | I1: GBP | J1: Primary Quantity | K1: Unit Price | L1: Primary Units
A2: 2024 | B2: 12 | C2: Mexico (BOL) | D2: Import | E2: United States | F2: 29 | G2: 2901210100 | H2: Ethylene | I2: 31775.59 | J2: 5.71 | K2: 5561.49 | L2: T*
A3: 2025 | B3: 01 | C3: Mexico (BOL) | D3: Import | E3: United States | F3: 29 | G3: 2901210100 | H3: Ethylene | I3: 1859500.3 | J3: 2330.51 | K3: 797.9 | L3: T*
A4: 2025 | B4: 03 | C4: Mexico (BOL) | D4: Import | E4: United States | F4: 29 | G4: 2901210100 | H4: Ethylene | I4: 34246.79 | J4: 12.82 | K4: 2671.65 | L4: T*
A5: 2025 | B5: 04 | C5: Mexico (BOL) | D5: Import | E5: United States | F5: 29 | G5: 2901210100 | H5: Ethylene | I5: 2016.18 | J5: 0.13 | K5: 15016.28 | L5: T*
A6: 2025 | B6: 05 | C6: Mexico (BOL) | D6: Import | E6: United States | F6: 29 | G6: 2901210100 | H6: Ethylene | I6: 1020725.6 | J6: 2009.34 | K6: 507.99 | L6: T*
A7: 2025 | B7: 06 | C7: Mexico (BOL) | D7: Import | E7: United States | F7: 29 | G7: 2901210100 | H7: Ethylene | I7: 41978.74 | J7: 14.74 | K7: 2848.64 | L7: T*
A8: 2025 | B8: 07 | C8: Mexico (BOL) | D8: Import | E8: United States | F8: 29 | G8: 2901210100 | H8: Ethylene | I8: 1410181.9 | J8: 2337.48 | K8: 603.29 | L8: T*
A9: 2025 | B9: 08 | C9: Mexico (BOL) | D9: Import | E9: United States | F9: 29 | G9: 2901210100 | H9: Ethylene | I9: 23143.69 | J9: 1.59 | K9: 14518.34 | L9: T*
A10: 2025 | B10: 09 | C10: Mexico (BOL) | D10: Import | E10: United States | F10: 29 | G10: 2901210100 | H10: Ethylene | I10: 45795.49 | J10: 15.67 | K10: 2922.69 | L10: T*
A11: 2025 | B11: 10 | C11: Mexico (BOL) | D11: Import | E11: United States | F11: 29 | G11: 2901210100 | H11: Ethylene | I11: 88495.79 | J11: 20.8 | K11: 4254.51 | L11: T*
A12: 2025 | B12: 11 | C12: Mexico (BOL) | D12: Import | E12: United States | F12: 29 | G12: 2901210100 | H12: Ethylene | I12: 37966.3 | J12: 14.28 | K12: 2658.86 | L12: T*
A13: 2025 | B13: 03 | C13: Mexico (BOL) | D13: Import | E13: United States | F13: 28 | G13: 2801100100 | H13: Liquid Chlorine | I13: 447757.68 | J13: 732.85 | K13: 610.98 | L13: T*
A14: 2025 | B14: 04 | C14: Mexico (BOL) | D14: Import | E14: United States | F14: 28 | G14: 2801100100 | H14: Liquid Chlorine | I14: 941031.87 | J14: 1544.03 | K14: 609.46 | L14: T*
A15: 2025 | B15: 06 | C15: Mexico (BOL) | D15: Import | E15: United States | F15: 28 | G15: 2801100100 | H15: Liquid Chlorine | I15: 1143610.2 | J15: 3259.41 | K15: 350.86 | L15: T*
A16: 2025 | B16: 07 | C16: Mexico (BOL) | D16: Import | E16: United States | F16: 28 | G16: 2801100100 | H16: Liquid Chlorine | I16: 145017.56 | J16: 244.33 | K16: 593.54 | L16: T*
A17: 2025 | B17: 08 | C17: Mexico (BOL) | D17: Import | E17: United States | F17: 28 | G17: 2801100100 | H17: Liquid Chlorine | I17: 1291681.2 | J17: 2876.15 | K17: 449.1 | L17: T*
A18: 2025 | B18: 10 | C18: Mexico (BOL) | D18: Import | E18: France | F18: 29 | G18: 2915320100 | H18: Vinyl Acetate | I18: 65.94 | J18: 0 | K18: 65942715 | L18: T*
A19: 2024 | B19: 12 | C19: Mexico (BOL) | D19: Import | E19: Germany | F19: 29 | G19: 2915320100 | H19: Vinyl Acetate | I19: 370.47 | J19: 0 | K19: 3430298.9 | L19: T*
A20: 2025 | B20: 01 | C20: Mexico (BOL) | D20: Import | E20: Germany | F20: 29 | G20: 2915320100 | H20: Vinyl Acetate | I20: 121.12 | J20: 0 | K20: 42692.66 | L20: T*
A21: 2025 | B21: 02 | C21: Mexico (BOL) | D21: Import | E21: Germany | F21: 29 | G21: 2915320100 | H21: Vinyl Acetate | I21: 1250.52 | J21: 0 | K21: 36780034 | L21: T*
A22: 2025 | B22: 03 | C22: Mexico (BOL) | D22: Import | E22: Germany | F22: 29 | G22: 2915320100 | H22: Vinyl Acetate | I22: 1393.36 | J22: 0 | K22: 36667315 | L22: T*
A23: 2025 | B23: 04 | C23: Mexico (BOL) | D23: Import | E23: Germany | F23: 29 | G23: 2915320100 | H23: Vinyl Acetate | I23: 971.69 | J23: 0 | K23: 74745331 | L23: T*
A24: 2025 | B24: 05 | C24: Mexico (BOL) | D24: Import | E24: Germany | F24: 29 | G24: 2915320100 | H24: Vinyl Acetate | I24: 1297.18 | J24: 0.04 | K24: 35789.21 | L24: T*
A25: 2025 | B25: 07 | C25: Mexico (BOL) | D25: Import | E25: Germany | F25: 29 | G25: 2915320100 | H25: Vinyl Acetate | I25: 72.99 | J25: 0 | K25: 623884.78 | L25: T*
A26: 2025 | B26: 08 | C26: Mexico (BOL) | D26: Import | E26: Germany | F26: 29 | G26: 2915320100 | H26: Vinyl Acetate | I26: 138.46 | J26: 0.01 | K26: 24355.37 | L26: T*
A27: 2025 | B27: 09 | C27: Mexico (BOL) | D27: Import | E27: Germany | F27: 29 | G27: 2915320100 | H27: Vinyl Acetate | I27: 81.65 | J27: 0 | K27: 877987.43 | L27: T*
A28: 2025 | B28: 10 | C28: Mexico (BOL) | D28: Import | E28: Germany | F28: 29 | G28: 2915320100 | H28: Vinyl Acetate | I28: 403.66 | J28: 0.01 | K28: 27062.01 | L28: T*
A29: 2025 | B29: 11 | C29: Mexico (BOL) | D29: Import | E29: Germany | F29: 29 | G29: 2915320100 | H29: Vinyl Acetate | I29: 129.53 | J29: 0 | K29: 696386.41 | L29: T*
A30: 2024 | B30: 12 | C30: Mexico (BOL) | D30: Import | E30: Korea, South | F30: 29 | G30: 2915320100 | H30: Vinyl Acetate | I30: 763510.76 | J30: 850 | K30: 898.25 | L30: T*
A31: 2025 | B31: 01 | C31: Mexico (BOL) | D31: Import | E31: Korea, South | F31: 29 | G31: 2915320100 | H31: Vinyl Acetate | I31: 1622922.3 | J31: 1900 | K31: 854.17 | L31: T*
A32: 2025 | B32: 03 | C32: Mexico (BOL) | D32: Import | E32: Korea, South | F32: 29 | G32: 2915320100 | H32: Vinyl Acetate | I32: 1613155.5 | J32: 1900 | K32: 849.03 | L32: T*
A33: 2025 | B33: 05 | C33: Mexico (BOL) | D33: Import | E33: Korea, South | F33: 29 | G33: 2915320100 | H33: Vinyl Acetate | I33: 1543331.6 | J33: 2000 | K33: 771.67 | L33: T*
A34: 2025 | B34: 06 | C34: Mexico (BOL) | D34: Import | E34: Korea, South | F34: 29 | G34: 2915320100 | H34: Vinyl Acetate | I34: 743811.11 | J34: 1000 | K34: 743.81 | L34: T*
A35: 2025 | B35: 07 | C35: Mexico (BOL) | D35: Import | E35: Korea, South | F35: 29 | G35: 2915320100 | H35: Vinyl Acetate | I35: 740200.71 | J35: 1000 | K35: 740.2 | L35: T*
A36: 2025 | B36: 08 | C36: Mexico (BOL) | D36: Import | E36: Korea, South | F36: 29 | G36: 2915320100 | H36: Vinyl Acetate | I36: 1713637.3 | J36: 2400 | K36: 714.02 | L36: T*
A37: 2025 | B37: 10 | C37: Mexico (BOL) | D37: Import | E37: Korea, South | F37: 29 | G37: 2915320100 | H37: Vinyl Acetate | I37: 1140631.6 | J37: 1500 | K37: 760.42 | L37: T*
A38: 2025 | B38: 04 | C38: Mexico (BOL) | D38: Import | E38: Taiwan | F38: 29 | G38: 2915320100 | H38: Vinyl Acetate | I38: 15616.81 | J38: 15.2 | K38: 1027.42 | L38: T*
A39: 2025 | B39: 07 | C39: Mexico (BOL) | D39: Import | E39: Taiwan | F39: 29 | G39: 2915320100 | H39: Vinyl Acetate | I39: 14082.16 | J39: 15.2 | K39: 926.46 | L39: T*
A40: 2025 | B40: 10 | C40: Mexico (BOL) | D40: Import | E40: Taiwan | F40: 29 | G40: 2915320100 | H40: Vinyl Acetate | I40: 14217.45 | J40: 15.2 | K40: 935.36 | L40: T*
A41: 2024 | B41: 12 | C41: Mexico (BOL) | D41: Import | E41: United States | F41: 29 | G41: 2915320100 | H41: Vinyl Acetate | I41: 2913016 | J41: 4170.37 | K41: 698.5 | L41: T*
A42: 2025 | B42: 01 | C42: Mexico (BOL) | D42: Import | E42: United States | F42: 29 | G42: 2915320100 | H42: Vinyl Acetate | I42: 3558930.9 | J42: 5101.24 | K42: 697.66 | L42: T*
A43: 2025 | B43: 02 | C43: Mexico (BOL) | D43: Import | E43: United States | F43: 29 | G43: 2915320100 | H43: Vinyl Acetate | I43: 5904173.8 | J43: 8180.93 | K43: 721.7 | L43: T*
A44: 2025 | B44: 03 | C44: Mexico (BOL) | D44: Import | E44: United States | F44: 29 | G44: 2915320100 | H44: Vinyl Acetate | I44: 2761542.7 | J44: 3960.76 | K44: 697.23 | L44: T*
A45: 2025 | B45: 04 | C45: Mexico (BOL) | D45: Import | E45: United States | F45: 29 | G45: 2915320100 | H45: Vinyl Acetate | I45: 2914715.3 | J45: 4139.32 | K45: 704.15 | L45: T*
A46: 2025 | B46: 05 | C46: Mexico (BOL) | D46: Import | E46: United States | F46: 29 | G46: 2915320100 | H46: Vinyl Acetate | I46: 3432780.6 | J46: 4249.66 | K46: 807.78 | L46: T*
A47: 2025 | B47: 06 | C47: Mexico (BOL) | D47: Import | E47: United States | F47: 29 | G47: 2915320100 | H47: Vinyl Acetate | I47: 4038841.8 | J47: 4669.33 | K47: 864.97 | L47: T*
A48: 2025 | B48: 07 | C48: Mexico (BOL) | D48: Import | E48: United States | F48: 29 | G48: 2915320100 | H48: Vinyl Acetate | I48: 4551699 | J48: 5086.4 | K48: 894.88 | L48: T*
A49: 2025 | B49: 08 | C49: Mexico (BOL) | D49: Import | E49: United States | F49: 29 | G49: 2915320100 | H49: Vinyl Acetate | I49: 2891771.9 | J49: 3730.96 | K49: 775.07 | L49: T*
A50: 2025 | B50: 09 | C50: Mexico (BOL) | D50: Import | E50: United States | F50: 29 | G50: 2915320100 | H50: Vinyl Acetate | I50: 2599123.5 | J50: 4044.05 | K50: 642.7 | L50: T*
A51: 2025 | B51: 10 | C51: Mexico (BOL) | D51: Import | E51: United States | F51: 29 | G51: 2915320100 | H51: Vinyl Acetate | I51: 4838915.9 | J51: 8718.92 | K51: 554.99 | L51: T*
A52: 2025 | B52: 11 | C52: Mexico (BOL) | D52: Import | E52: United States | F52: 29 | G52: 2915320100 | H52: Vinyl Acetate | I52: 1922292 | J52: 3757.01 | K52: 511.65 | L52: T*

Sheet Mexico Normal Value
A1: Factors of production - Bill of materials
A3: Product concerned: | B3: SPVC
A4: Company name: | B4: Inovyn
A5: Production site(s) concerned: | B5: [confidential]
A6: Period considered: | B6: [confidential]
A7: Total quantity of product concerned produced: | C7: [confidential] | D7: tons
B9: Factor of production | C9: HS code1 | D9: Unit2 | E9: Unit price (in £/unit) | F9: Quantity consumed to produce 1 MT of product concerned (in unit) | G9: Value to produce 1 MT of product concerned (in £)
A10: Direct raw material | B10: Ethylene | C10: 290121 | D10: MT | E10: ='Mexico Raw Material Value'!E5 -> 679.54735 | F10: [confidential] | G10: [confidential]
B11: Chlorine | C11: 280110 | D11: MT | E11: ='Mexico Raw Material Value'!E6 -> 458.49647 | F11: [confidential] | G11: [confidential]
B12: Chemicals | D12: MT or kg | G12: [confidential] | H12: Including initiators, dispersing agents, other additives
B13: Vinyl Acetate Monomer | C13: 291532 | D13: MT or kg | E13: ='Mexico Raw Material Value'!E7 -> 721.76644 | F13: [confidential] | G13: [confidential]
B14: Others | D14: MT or kg | G14: [confidential] | H14: Hydrogen, nitrogen, oxygen, caustic, logistic costs linked to purchases of EDC and VCM.
B15: Raw material cost total | G15: =SUM(G10:G14) -> 0
A16: By-product or waste3 | B16: Scrap (if applicable) | D16: MT or kg
B17: Waste (if applicable)
B18: By-product or scrap | G18: =SUM(G16:G17) -> 0
A19: Energy and utilities | B19: Energy - Electricity | C19: n.a. | D19: MWh | E19: ='Mexico Raw Material Value'!C16 -> 80.12136 | F19: [confidential] | G19: [confidential] | H19: Used in PVC, VCM and EDC
B20: Energy - Gaz | C20: n.a. | D20: GJ | E20: ='Mexico Raw Material Value'!C22 -> 2.5677436 | F20: [confidential] | G20: [confidential] | H20: Used in PVC, VCM and EDC
B21: Energy - Steam | C21: n.a. | D21: GJ | E21: ='Mexico Raw Material Value'!C24 -> 3.0208748 | F21: [confidential] | G21: [confidential] | H21: Used in PVC, VCM and EDC
B22: Utility - Water | C22: n.a. | D22: Liter
B23: Energy cost total | G23: =SUM(G19:G22) -> 0
A24: Direct labour | B24: Direct labour | C24: n.a. | D24: hours | E24: ='Mexico Raw Material Value'!C35 -> 10.118573 | F24: [confidential] | G24: [confidential]
B25: Labour cost total | G25: =SUM(G24:G24) -> 0
A26: Packaging | B26: Packing materials (all together) | D26: Mix | G26: [confidential]
B27: Packing material 2 (wood) | D27: kg
B28: Packing material 3 (paper) | D28: kg
B29: Packing labour | D29: hours worked
B30: Packing cost total | G30: =SUM(G26:G29) -> 0
A31: Other direct cost | B31: Please specify | G31: 0
B32: Please specify
B33: Please specify
B34: Other direct cost total | G34: =SUM(G31:G33) -> 0
A35: TOTAL DIRECT COST | G35: =G34+G30+G25+G23+G18+G15 -> 0
A37: Manufacturing overheads
B38: Depreciation | G38: [confidential]
B39: Maintenance | G39: [confidential]
B40: Indirect labour (if not included in direct labour) | G40: [confidential]
B41: Energy and utilities (if not included in direct energy)
A42: TOTAL MANUFACTURING OVERHEADS
B44: TOTAL COST OF MANUFACTURING | G44: 860.75
A47: 1 Please specify the commodity code under the Harmonized System of the World Customs Organisation, which are identified by a 6-digit code. http://www.wcoomd.org/
A48: 2 Please specify the unit used, e.g. tons, liter, kWh, hour worked, etc.
A49: 3 If sold or re-introduced into production, please indicate a negative value ; If by-product is a waste, please indicate the value of disposal as a cost.
A53: Administrative, selling and general costs and for profits
B58: Orbia Advance Corporation, S.A.B 2024 Earnings | C58: In mn USD | D58: 2025 was loss making | F58: https://www.orbia.com/492909/siteassets/5.-investor-relations/quarterly-earnings/2025/q4/orbia-q4-2025-earnings-release-en.pdf
B59: Net sales | C59: 7506
B60: Cost of sales | C60: 5758
B61: Selling, general and administartive expenses | C61: 1309
B62: Operating Income | C62: 439
B63: EBITDA | C63: 1097
B64: Adjusted EBITDA | C64: 1189
B65: EBITDA margin | C65: 0.146
B66: Net income (loss) | C66: 223
B67: SG&A % | C67: =C61/C59 -> 0.17439382
B68: Profit % | C68: =C66/C59 -> 0.029709566
B72: Constructed Normal Value
B73: Average cost of manufacturing (£/t) | D73: =G44 -> 860.75
B74: SG&A | C74: 0.17 | D74: =D73*C74 -> 146.3275
B75: Profit | C75: 0.0293 | D75: =(D73+D74)*C75 -> 29.507371
B76: CNV (£/t) | D76: =SUM(D73:D75) -> 1036.5849

Sheet Korea Raw Material
B2: Raw Materials
C4: Total value | D4: Total volume (tonne) | E4: Unit price (tonne)
B5: Ethylene (HS code 290121) | C5: 11703246 | D5: 17541.3 | E5: =SUM(C5/D5) -> 667.18234
B6: Chlorine (HS code 280110) | C6: 855339.16 | D6: 112.32 | E6: =SUM(C6/D6) -> 7615.1991 | G6: We do not consider this representative - low volume
B7: Vinyl Acetate (HS code 291532) | C7: 14201123 | D7: 25576.09 | E7: =SUM(C7/D7) -> 555.24997
B9: Chlorine calculation (£/t) | C9: 71.26
B13: Energy & Utilities
B16: Electricity Av. Q4 2024 - Q3 2025 (KRW/kWh) | C16: 117.62 | G16: https://epsis.kpx.or.kr/epsisnew/selectEkccIntroEn.do?menuId=090101
B17: Electricity Av. Q4 2024 - Q3 2025 (£/MWh) | C17: =0.06036*1000 -> 60.36
B20: Natural Gas (USD/t) | C20: 565.51 | G20: https://www.ceicdata.com/en/korea/energy-import-price/liquified-natural-gas-imports-cif-price
B21: Natural Gas (£/t) | C21: =C20*0.76309 -> 431.53503
B22: Natural Gas (£/GJ) | C22: 7.86
B23: Steam (£/GJ) 85% boiler efficiency | C23: =C22/0.85 -> 9.2470588 | G23: https://www.spiraxsarco.com/learn-about-steam/the-boiler-house/boiler-efficiency-and-combustion?sc_lang=en-GB
B26: Labour
B28: Average hourly earnings of plant & machine operators (2022, KRW/h) | C28: 20987 | G28: https://rshiny.ilo.org/dataexplorer91/
B29: Adjusted for CPI (KRW/h) | C29: 22586 | G29: ecos.bok.or.kr/#/SearchStat
B30: Adjusted hourly earnings (£/h) | C30: 12.2
B88: https://www.aralsan.com/en/steam-cost-turkey

Sheet Korea imports
A1: Year | B1: Month | C1: Reporter | D1: Trade Direction | E1: Trade Partner | F1: HS2 Code | G1: HS2 Description | H1: Tariff Line Code | I1: GBP | J1: Primary Quantity | K1: Unit Price | L1: Primary Units
A2: 2025 | B2: 05 | C2: South Korea | D2: Import | E2: China | F2: 28 | G2: Inorganic Chemicals; Organic Or Inorganic Compounds Of Precious Metals, Of Rare-Earth Metals, Of Radioactive Elements Or Of Isotopes | H2: 2801100000 | I2: 2177.53 | J2: 0.1 | K2: 21775.32 | L2: T*
A3: 2025 | B3: 08 | C3: South Korea | D3: Import | E3: China | F3: 28 | G3: Inorganic Chemicals; Organic Or Inorganic Compounds Of Precious Metals, Of Rare-Earth Metals, Of Radioactive Elements Or Of Isotopes | H3: 2801100000 | I3: 13179.12 | J3: 1.13 | K3: 11689.84 | L3: T*
A4: 2024 | B4: 12 | C4: South Korea | D4: Import | E4: Japan | F4: 28 | G4: Inorganic Chemicals; Organic Or Inorganic Compounds Of Precious Metals, Of Rare-Earth Metals, Of Radioactive Elements Or Of Isotopes | H4: 2801100000 | I4: 60041.86 | J4: 7.57 | K4: 7931.55 | L4: T*
A5: 2025 | B5: 01 | C5: South Korea | D5: Import | E5: Japan | F5: 28 | G5: Inorganic Chemicals; Organic Or Inorganic Compounds Of Precious Metals, Of Rare-Earth Metals, Of Radioactive Elements Or Of Isotopes | H5: 2801100000 | I5: 68433.15 | J5: 8.69 | K5: 7874.93 | L5: T*
A6: 2025 | B6: 02 | C6: South Korea | D6: Import | E6: Japan | F6: 28 | G6: Inorganic Chemicals; Organic Or Inorganic Compounds Of Precious Metals, Of Rare-Earth Metals, Of Radioactive Elements Or Of Isotopes | H6: 2801100000 | I6: 77102.05 | J6: 9.56 | K6: 8069.03 | L6: T*
A7: 2025 | B7: 03 | C7: South Korea | D7: Import | E7: Japan | F7: 28 | G7: Inorganic Chemicals; Organic Or Inorganic Compounds Of Precious Metals, Of Rare-Earth Metals, Of Radioactive Elements Or Of Isotopes | H7: 2801100000 | I7: 72416.37 | J7: 9.1 | K7: 7957.84 | L7: T*
A8: 2025 | B8: 04 | C8: South Korea | D8: Import | E8: Japan | F8: 28 | G8: Inorganic Chemicals; Organic Or Inorganic Compounds Of Precious Metals, Of Rare-Earth Metals, Of Radioactive Elements Or Of Isotopes | H8: 2801100000 | I8: 61604.22 | J8: 8.27 | K8: 7453.63 | L8: T*
A9: 2025 | B9: 05 | C9: South Korea | D9: Import | E9: Japan | F9: 28 | G9: Inorganic Chemicals; Organic Or Inorganic Compounds Of Precious Metals, Of Rare-Earth Metals, Of Radioactive Elements Or Of Isotopes | H9: 2801100000 | I9: 81882.7 | J9: 11.3 | K9: 7246.26 | L9: T*
A10: 2025 | B10: 06 | C10: South Korea | D10: Import | E10: Japan | F10: 28 | G10: Inorganic Chemicals; Organic Or Inorganic Compounds Of Precious Metals, Of Rare-Earth Metals, Of Radioactive Elements Or Of Isotopes | H10: 2801100000 | I10: 77673.71 | J10: 10.55 | K10: 7360.69 | L10: T*
A11: 2025 | B11: 07 | C11: South Korea | D11: Import | E11: Japan | F11: 28 | G11: Inorganic Chemicals; Organic Or Inorganic Compounds Of Precious Metals, Of Rare-Earth Metals, Of Radioactive Elements Or Of Isotopes | H11: 2801100000 | I11: 55264.34 | J11: 7.45 | K11: 7418.03 | L11: T*
A12: 2025 | B12: 08 | C12: South Korea | D12: Import | E12: Japan | F12: 28 | G12: Inorganic Chemicals; Organic Or Inorganic Compounds Of Precious Metals, Of Rare-Earth Metals, Of Radioactive Elements Or Of Isotopes | H12: 2801100000 | I12: 63455.55 | J12: 8.8 | K12: 7210.86 | L12: T*
A13: 2025 | B13: 09 | C13: South Korea | D13: Import | E13: Japan | F13: 28 | G13: Inorganic Chemicals; Organic Or Inorganic Compounds Of Precious Metals, Of Rare-Earth Metals, Of Radioactive Elements Or Of Isotopes | H13: 2801100000 | I13: 84266.36 | J13: 11.57 | K13: 7283.18 | L13: T*
A14: 2025 | B14: 10 | C14: South Korea | D14: Import | E14: Japan | F14: 28 | G14: Inorganic Chemicals; Organic Or Inorganic Compounds Of Precious Metals, Of Rare-Earth Metals, Of Radioactive Elements Or Of Isotopes | H14: 2801100000 | I14: 51482.09 | J14: 6.9 | K14: 7461.17 | L14: T*
A15: 2025 | B15: 11 | C15: South Korea | D15: Import | E15: Japan | F15: 28 | G15: Inorganic Chemicals; Organic Or Inorganic Compounds Of Precious Metals, Of Rare-Earth Metals, Of Radioactive Elements Or Of Isotopes | H15: 2801100000 | I15: 73338.74 | J15: 9.66 | K15: 7592 | L15: T*
A16: 2025 | B16: 02 | C16: South Korea | D16: Import | E16: Singapore | F16: 28 | G16: Inorganic Chemicals; Organic Or Inorganic Compounds Of Precious Metals, Of Rare-Earth Metals, Of Radioactive Elements Or Of Isotopes | H16: 2801100000 | I16: 227.4 | J16: 0.05 | K16: 4548.03 | L16: T*
A17: 2025 | B17: 07 | C17: South Korea | D17: Import | E17: Singapore | F17: 28 | G17: Inorganic Chemicals; Organic Or Inorganic Compounds Of Precious Metals, Of Rare-Earth Metals, Of Radioactive Elements Or Of Isotopes | H17: 2801100000 | I17: 415.05 | J17: 0.1 | K17: 4368.98 | L17: T*
A18: 2025 | B18: 09 | C18: South Korea | D18: Import | E18: Singapore | F18: 28 | G18: Inorganic Chemicals; Organic Or Inorganic Compounds Of Precious Metals, Of Rare-Earth Metals, Of Radioactive Elements Or Of Isotopes | H18: 2801100000 | I18: 222.24 | J18: 0.07 | K18: 3220.86 | L18: T*
A19: 2025 | B19: 11 | C19: South Korea | D19: Import | E19: Singapore | F19: 28 | G19: Inorganic Chemicals; Organic Or Inorganic Compounds Of Precious Metals, Of Rare-Earth Metals, Of Radioactive Elements Or Of Isotopes | H19: 2801100000 | I19: 228.15 | J19: 0.07 | K19: 3306.59 | L19: T*
A20: 2025 | B20: 01 | C20: South Korea | D20: Import | E20: Taiwan | F20: 28 | G20: Inorganic Chemicals; Organic Or Inorganic Compounds Of Precious Metals, Of Rare-Earth Metals, Of Radioactive Elements Or Of Isotopes | H20: 2801100000 | I20: 3456.36 | J20: 0.49 | K20: 7082.71 | L20: T*
A21: 2025 | B21: 02 | C21: South Korea | D21: Import | E21: Taiwan | F21: 28 | G21: Inorganic Chemicals; Organic Or Inorganic Compounds Of Precious Metals, Of Rare-Earth Metals, Of Radioactive Elements Or Of Isotopes | H21: 2801100000 | I21: 2253.78 | J21: 0.29 | K21: 7665.93 | L21: T*
A22: 2025 | B22: 03 | C22: South Korea | D22: Import | E22: Taiwan | F22: 28 | G22: Inorganic Chemicals; Organic Or Inorganic Compounds Of Precious Metals, Of Rare-Earth Metals, Of Radioactive Elements Or Of Isotopes | H22: 2801100000 | I22: 3158.52 | J22: 0.33 | K22: 9571.28 | L22: T*
A23: 2025 | B23: 06 | C23: South Korea | D23: Import | E23: Taiwan | F23: 28 | G23: Inorganic Chemicals; Organic Or Inorganic Compounds Of Precious Metals, Of Rare-Earth Metals, Of Radioactive Elements Or Of Isotopes | H23: 2801100000 | I23: 2942.77 | J23: 0.27 | K23: 11063.06 | L23: T*
A24: 2025 | B24: 07 | C24: South Korea | D24: Import | E24: United States | F24: 28 | G24: Inorganic Chemicals; Organic Or Inorganic Compounds Of Precious Metals, Of Rare-Earth Metals, Of Radioactive Elements Or Of Isotopes | H24: 2801100000 | I24: 117.1 | J24: 0 | K24: 80484.05 | L24: T*
A25: 2025 | B25: 08 | C25: South Korea | D25: Import | E25: Australia | F25: 29 | G25: Organic Chemicals | H25: 2901210000 | I25: 47.57 | J25: 0.01 | K25: 4756.73 | L25: T*
A26: 2025 | B26: 04 | C26: South Korea | D26: Import | E26: China | F26: 29 | G26: Organic Chemicals | H26: 2901210000 | I26: 41112.1 | J26: 0.65 | K26: 62978.1 | L26: T*
A27: 2024 | B27: 12 | C27: South Korea | D27: Import | E27: Japan | F27: 29 | G27: Organic Chemicals | H27: 2901210000 | I27: 4077772.9 | J27: 5798.99 | K27: 703.19 | L27: T*
A28: 2025 | B28: 04 | C28: South Korea | D28: Import | E28: Japan | F28: 29 | G28: Organic Chemicals | H28: 2901210000 | I28: 4883632.8 | J28: 7529.35 | K28: 648.61 | L28: T*
A29: 2025 | B29: 11 | C29: South Korea | D29: Import | E29: Japan | F29: 29 | G29: Organic Chemicals | H29: 2901210000 | I29: 2341491.1 | J29: 4209.53 | K29: 556.24 | L29: T*
A30: 2025 | B30: 01 | C30: South Korea | D30: Import | E30: United States | F30: 29 | G30: Organic Chemicals | H30: 2901210000 | I30: 129179.98 | J30: 0.98 | K30: 131280.47 | L30: T*
A31: 2025 | B31: 03 | C31: South Korea | D31: Import | E31: United States | F31: 29 | G31: Organic Chemicals | H31: 2901210000 | I31: 89437.43 | J31: 0.65 | K31: 138501.63 | L31: T*
A32: 2025 | B32: 04 | C32: South Korea | D32: Import | E32: United States | F32: 29 | G32: Organic Chemicals | H32: 2901210000 | I32: 8307.66 | J32: 0.1 | K32: 87201.2 | L32: T*
A33: 2025 | B33: 05 | C33: South Korea | D33: Import | E33: United States | F33: 29 | G33: Organic Chemicals | H33: 2901210000 | I33: 46860.35 | J33: 0.33 | K33: 142866.91 | L33: T*
A34: 2025 | B34: 06 | C34: South Korea | D34: Import | E34: United States | F34: 29 | G34: Organic Chemicals | H34: 2901210000 | I34: 3217.87 | J34: 0.03 | K34: 118217.26 | L34: T*
A35: 2025 | B35: 07 | C35: South Korea | D35: Import | E35: United States | F35: 29 | G35: Organic Chemicals | H35: 2901210000 | I35: 51393.96 | J35: 0.43 | K35: 119771.53 | L35: T*
A36: 2025 | B36: 08 | C36: South Korea | D36: Import | E36: United States | F36: 29 | G36: Organic Chemicals | H36: 2901210000 | I36: 1641.07 | J36: 0.01 | K36: 120578.43 | L36: T*
A37: 2025 | B37: 09 | C37: South Korea | D37: Import | E37: United States | F37: 29 | G37: Organic Chemicals | H37: 2901210000 | I37: 24134.41 | J37: 0.2 | K37: 118219.03 | L37: T*
A38: 2025 | B38: 11 | C38: South Korea | D38: Import | E38: United States | F38: 29 | G38: Organic Chemicals | H38: 2901210000 | I38: 5016.36 | J38: 0.04 | K38: 122859.59 | L38: T*
A39: 2024 | B39: 12 | C39: South Korea | D39: Import | E39: China | F39: 29 | G39: Organic Chemicals | H39: 2915320000 | I39: 292819.46 | J39: 441.39 | K39: 663.4 | L39: T*
A40: 2025 | B40: 01 | C40: South Korea | D40: Import | E40: China | F40: 29 | G40: Organic Chemicals | H40: 2915320000 | I40: 264255.92 | J40: 399.75 | K40: 661.05 | L40: T*
A41: 2025 | B41: 02 | C41: South Korea | D41: Import | E41: China | F41: 29 | G41: Organic Chemicals | H41: 2915320000 | I41: 475690.7 | J41: 699.78 | K41: 679.78 | L41: T*
A42: 2025 | B42: 03 | C42: South Korea | D42: Import | E42: China | F42: 29 | G42: Organic Chemicals | H42: 2915320000 | I42: 1112907.4 | J42: 1897.63 | K42: 586.47 | L42: T*
A43: 2025 | B43: 04 | C43: South Korea | D43: Import | E43: China | F43: 29 | G43: Organic Chemicals | H43: 2915320000 | I43: 1375584.9 | J43: 2393.94 | K43: 574.61 | L43: T*
A44: 2025 | B44: 05 | C44: South Korea | D44: Import | E44: China | F44: 29 | G44: Organic Chemicals | H44: 2915320000 | I44: 188569.81 | J44: 300 | K44: 628.57 | L44: T*
A45: 2025 | B45: 06 | C45: South Korea | D45: Import | E45: China | F45: 29 | G45: Organic Chemicals | H45: 2915320000 | I45: 304256.14 | J45: 498.25 | K45: 610.65 | L45: T*
A46: 2025 | B46: 07 | C46: South Korea | D46: Import | E46: China | F46: 29 | G46: Organic Chemicals | H46: 2915320000 | I46: 1276785.9 | J46: 2393.5 | K46: 533.44 | L46: T*
A47: 2025 | B47: 08 | C47: South Korea | D47: Import | E47: China | F47: 29 | G47: Organic Chemicals | H47: 2915320000 | I47: 303165.85 | J47: 497.44 | K47: 609.46 | L47: T*
A48: 2025 | B48: 09 | C48: South Korea | D48: Import | E48: China | F48: 29 | G48: Organic Chemicals | H48: 2915320000 | I48: 237054.93 | J48: 400 | K48: 592.64 | L48: T*
A49: 2025 | B49: 10 | C49: South Korea | D49: Import | E49: China | F49: 29 | G49: Organic Chemicals | H49: 2915320000 | I49: 238441.37 | J49: 398.31 | K49: 598.63 | L49: T*
A50: 2025 | B50: 11 | C50: South Korea | D50: Import | E50: China | F50: 29 | G50: Organic Chemicals | H50: 2915320000 | I50: 183898.61 | J50: 298.53 | K50: 616.02 | L50: T*
A51: 2024 | B51: 12 | C51: South Korea | D51: Import | E51: Germany | F51: 29 | G51: Organic Chemicals | H51: 2915320000 | I51: 1348.13 | J51: 0 | K51: 714429.39 | L51: T*
A52: 2025 | B52: 01 | C52: South Korea | D52: Import | E52: Germany | F52: 29 | G52: Organic Chemicals | H52: 2915320000 | I52: 259.7 | J52: 0 | K52: 97557.99 | L52: T*
A53: 2025 | B53: 02 | C53: South Korea | D53: Import | E53: Germany | F53: 29 | G53: Organic Chemicals | H53: 2915320000 | I53: 975.97 | J53: 0.01 | K53: 135833.69 | L53: T*
A54: 2025 | B54: 03 | C54: South Korea | D54: Import | E54: Germany | F54: 29 | G54: Organic Chemicals | H54: 2915320000 | I54: 274.14 | J54: 0.01 | K54: 36118.03 | L54: T*
A55: 2025 | B55: 04 | C55: South Korea | D55: Import | E55: Germany | F55: 29 | G55: Organic Chemicals | H55: 2915320000 | I55: 1442.2 | J55: 0 | K55: 45068627 | L55: T*
A56: 2025 | B56: 05 | C56: South Korea | D56: Import | E56: Germany | F56: 29 | G56: Organic Chemicals | H56: 2915320000 | I56: 582.17 | J56: 0 | K56: 195032.46 | L56: T*
A57: 2025 | B57: 06 | C57: South Korea | D57: Import | E57: Germany | F57: 29 | G57: Organic Chemicals | H57: 2915320000 | I57: 153.41 | J57: 0.01 | K57: 27492.42 | L57: T*
A58: 2025 | B58: 07 | C58: South Korea | D58: Import | E58: Germany | F58: 29 | G58: Organic Chemicals | H58: 2915320000 | I58: 249.77 | J58: 0 | K58: 267996.88 | L58: T*
A59: 2025 | B59: 08 | C59: South Korea | D59: Import | E59: Germany | F59: 29 | G59: Organic Chemicals | H59: 2915320000 | I59: 1704.99 | J59: 0.05 | K59: 35299.29 | L59: T*
A60: 2025 | B60: 09 | C60: South Korea | D60: Import | E60: Germany | F60: 29 | G60: Organic Chemicals | H60: 2915320000 | I60: 962.29 | J60: 0.01 | K60: 116755.02 | L60: T*
A61: 2025 | B61: 10 | C61: South Korea | D61: Import | E61: Germany | F61: 29 | G61: Organic Chemicals | H61: 2915320000 | I61: 646.52 | J61: 0 | K61: 216516.82 | L61: T*
A62: 2025 | B62: 11 | C62: South Korea | D62: Import | E62: Germany | F62: 29 | G62: Organic Chemicals | H62: 2915320000 | I62: 291.28 | J62: 0 | K62: 66623.34 | L62: T*
A63: 2025 | B63: 07 | C63: South Korea | D63: Import | E63: Hong Kong | F63: 29 | G63: Organic Chemicals | H63: 2915320000 | I63: 65.96 | J63: 0.03 | K63: 2204.67 | L63: T*
A64: 2025 | B64: 10 | C64: South Korea | D64: Import | E64: Hong Kong | F64: 29 | G64: Organic Chemicals | H64: 2915320000 | I64: 1.5 | J64: 0 | K64: 1662.86 | L64: T*
A65: 2024 | B65: 12 | C65: South Korea | D65: Import | E65: Japan | F65: 29 | G65: Organic Chemicals | H65: 2915320000 | I65: 10.27 | J65: 0 | K65: 6039.38 | L65: T*
A66: 2025 | B66: 01 | C66: South Korea | D66: Import | E66: Japan | F66: 29 | G66: Organic Chemicals | H66: 2915320000 | I66: 14.17 | J66: 0 | K66: 28330.84 | L66: T*
A67: 2025 | B67: 02 | C67: South Korea | D67: Import | E67: Japan | F67: 29 | G67: Organic Chemicals | H67: 2915320000 | I67: 11.33 | J67: 0 | K67: 113296.11 | L67: T*
A68: 2025 | B68: 03 | C68: South Korea | D68: Import | E68: Japan | F68: 29 | G68: Organic Chemicals | H68: 2915320000 | I68: 882.8 | J68: 0 | K68: 275874.06 | L68: T*
A69: 2025 | B69: 04 | C69: South Korea | D69: Import | E69: Japan | F69: 29 | G69: Organic Chemicals | H69: 2915320000 | I69: 861.51 | J69: 0.01 | K69: 60098.53 | L69: T*
A70: 2025 | B70: 05 | C70: South Korea | D70: Import | E70: Japan | F70: 29 | G70: Organic Chemicals | H70: 2915320000 | I70: 33.67 | J70: 0 | K70: 10862.32 | L70: T*
A71: 2025 | B71: 06 | C71: South Korea | D71: Import | E71: Japan | F71: 29 | G71: Organic Chemicals | H71: 2915320000 | I71: 8.11 | J71: 0 | K71: 4056.45 | L71: T*
A72: 2025 | B72: 07 | C72: South Korea | D72: Import | E72: Japan | F72: 29 | G72: Organic Chemicals | H72: 2915320000 | I72: 55.59 | J72: 0 | K72: 11184.6 | L72: T*
A73: 2025 | B73: 08 | C73: South Korea | D73: Import | E73: Japan | F73: 29 | G73: Organic Chemicals | H73: 2915320000 | I73: 66.89 | J73: 0 | K73: 29083.28 | L73: T*
A74: 2025 | B74: 09 | C74: South Korea | D74: Import | E74: Japan | F74: 29 | G74: Organic Chemicals | H74: 2915320000 | I74: 25.19 | J74: 0.01 | K74: 2963.19 | L74: T*
A75: 2025 | B75: 11 | C75: South Korea | D75: Import | E75: Japan | F75: 29 | G75: Organic Chemicals | H75: 2915320000 | I75: 25.1 | J75: 0.01 | K75: 4402.98 | L75: T*
A76: 2025 | B76: 08 | C76: South Korea | D76: Import | E76: Saudi Arabia | F76: 29 | G76: Organic Chemicals | H76: 2915320000 | I76: 1198889.7 | J76: 2298.66 | K76: 521.56 | L76: T*
A77: 2025 | B77: 09 | C77: South Korea | D77: Import | E77: Saudi Arabia | F77: 29 | G77: Organic Chemicals | H77: 2915320000 | I77: 106674.72 | J77: 200 | K77: 533.37 | L77: T*
A78: 2025 | B78: 10 | C78: South Korea | D78: Import | E78: Saudi Arabia | F78: 29 | G78: Organic Chemicals | H78: 2915320000 | I78: 67177.39 | J78: 124.69 | K78: 538.77 | L78: T*
A79: 2025 | B79: 11 | C79: South Korea | D79: Import | E79: Saudi Arabia | F79: 29 | G79: Organic Chemicals | H79: 2915320000 | I79: 279296.85 | J79: 524.64 | K79: 532.36 | L79: T*
A80: 2025 | B80: 09 | C80: South Korea | D80: Import | E80: Taiwan | F80: 29 | G80: Organic Chemicals | H80: 2915320000 | I80: 1573261.7 | J80: 2993.33 | K80: 525.59 | L80: T*
A81: 2025 | B81: 10 | C81: South Korea | D81: Import | E81: Taiwan | F81: 29 | G81: Organic Chemicals | H81: 2915320000 | I81: 3057200 | J81: 5765.88 | K81: 530.22 | L81: T*
A82: 2025 | B82: 11 | C82: South Korea | D82: Import | E82: Taiwan | F82: 29 | G82: Organic Chemicals | H82: 2915320000 | I82: 1643094.9 | J82: 3050.13 | K82: 538.7 | L82: T*
A83: 2024 | B83: 12 | C83: South Korea | D83: Import | E83: United States | F83: 29 | G83: Organic Chemicals | H83: 2915320000 | I83: 154.79 | J83: 0 | K83: 47193.25 | L83: T*
A84: 2025 | B84: 01 | C84: South Korea | D84: Import | E84: United States | F84: 29 | G84: Organic Chemicals | H84: 2915320000 | I84: 4909.11 | J84: 0.09 | K84: 51969.1 | L84: T*
A85: 2025 | B85: 02 | C85: South Korea | D85: Import | E85: United States | F85: 29 | G85: Organic Chemicals | H85: 2915320000 | I85: 55.84 | J85: 0 | K85: 53383.17 | L85: T*
A86: 2025 | B86: 03 | C86: South Korea | D86: Import | E86: United States | F86: 29 | G86: Organic Chemicals | H86: 2915320000 | I86: 1895.91 | J86: 0 | K86: 401250.33 | L86: T*
A87: 2025 | B87: 04 | C87: South Korea | D87: Import | E87: United States | F87: 29 | G87: Organic Chemicals | H87: 2915320000 | I87: 3681.21 | J87: 0 | K87: 803232.59 | L87: T*
A88: 2025 | B88: 05 | C88: South Korea | D88: Import | E88: United States | F88: 29 | G88: Organic Chemicals | H88: 2915320000 | I88: 193.81 | J88: 0 | K88: 56985.55 | L88: T*
A89: 2025 | B89: 06 | C89: South Korea | D89: Import | E89: United States | F89: 29 | G89: Organic Chemicals | H89: 2915320000 | I89: 40.56 | J89: 0 | K89: 108752.1 | L89: T*
A90: 2025 | B90: 07 | C90: South Korea | D90: Import | E90: United States | F90: 29 | G90: Organic Chemicals | H90: 2915320000 | I90: 50.4 | J90: 0 | K90: 94028.58 | L90: T*
A91: 2025 | B91: 08 | C91: South Korea | D91: Import | E91: United States | F91: 29 | G91: Organic Chemicals | H91: 2915320000 | I91: 57.23 | J91: 0 | K91: 14144.69 | L91: T*
A92: 2025 | B92: 09 | C92: South Korea | D92: Import | E92: United States | F92: 29 | G92: Organic Chemicals | H92: 2915320000 | I92: 12.59 | J92: 0 | K92: 547545.36 | L92: T*
A93: 2025 | B93: 10 | C93: South Korea | D93: Import | E93: United States | F93: 29 | G93: Organic Chemicals | H93: 2915320000 | I93: 43.4 | J93: 0 | K93: 23308.59 | L93: T*
A94: 2025 | B94: 11 | C94: South Korea | D94: Import | E94: United States | F94: 29 | G94: Organic Chemicals | H94: 2915320000 | I94: 49.43 | J94: 0 | K94: 355636.51 | L94: T*

Sheet Korea Normal Value
A1: Factors of production - Bill of materials
A3: Product concerned: | B3: SPVC
A4: Company name: | B4: Inovyn
A5: Production site(s) concerned: | B5: [confidential]
A6: Period considered: | B6: [confidential]
A7: Total quantity of product concerned produced: | C7: [confidential] | D7: tons
B9: Factor of production | C9: HS code1 | D9: Unit2 | E9: Unit price (in £/unit) | F9: Quantity consumed to produce 1 MT of product concerned (in unit) | G9: Value to produce 1 MT of product concerned (in £)
A10: Direct raw material | B10: Ethylene | C10: 290121 | D10: MT | E10: ='Korea Raw Material'!E5 -> 667.18234 | F10: [confidential] | G10: [confidential]
B11: Chlorine | C11: 280110 | D11: MT | E11: ='Korea Raw Material'!C9 -> 71.26 | F11: [confidential] | G11: [confidential]
B12: Chemicals | D12: MT or kg | G12: [confidential] | H12: Including initiators, dispersing agents, other additives
B13: Vinyl Acetate Monomer | C13: 291532 | D13: MT or kg | E13: ='Korea Raw Material'!E7 -> 555.24997 | F13: [confidential] | G13: [confidential]
B14: Others | D14: MT or kg | G14: [confidential] | H14: Hydrogen, nitrogen, oxygen, caustic, logistic costs linked to purchases of EDC and VCM.
B15: Raw material cost total | G15: =SUM(G10:G14) -> 0
A16: By-product or waste3 | B16: Scrap (if applicable) | D16: MT or kg
B17: Waste (if applicable)
B18: By-product or scrap | G18: =SUM(G16:G17) -> 0
A19: Energy and utilities | B19: Energy - Electricity | C19: n.a. | D19: MWh | E19: ='Korea Raw Material'!C17 -> 60.36 | F19: [confidential] | G19: [confidential] | H19: Used in PVC, VCM and EDC
B20: Energy - Gaz | C20: n.a. | D20: GJ | E20: ='Korea Raw Material'!C22 -> 7.86 | F20: [confidential] | G20: [confidential] | H20: Used in PVC, VCM and EDC
B21: Energy - Steam | C21: n.a. | D21: GJ | E21: ='Korea Raw Material'!C23 -> 9.2470588 | F21: [confidential] | G21: [confidential] | H21: Used in PVC, VCM and EDC
B22: Utility - Water | C22: n.a. | D22: Liter
B23: Energy cost total | G23: =SUM(G19:G22) -> 0
A24: Direct labour | B24: Direct labour | C24: n.a. | D24: hours | E24: ='Korea Raw Material'!C30 -> 12.2 | F24: [confidential] | G24: [confidential]
B25: Labour cost total | G25: =SUM(G24:G24) -> 0
A26: Packaging | B26: Packing materials (all together) | D26: Mix | G26: [confidential]
B27: Packing material 2 (wood) | D27: kg
B28: Packing material 3 (paper) | D28: kg | H28: =SUM(G10,G12,G13,G14) -> 0 | I28: =H28/0.89 -> 0
B29: Packing labour | D29: hours worked
B30: Packing cost total | G30: =SUM(G26:G29) -> 0
A31: Other direct cost | B31: Please specify | G31: 0
B32: Please specify
B33: Please specify
B34: Other direct cost total | G34: =SUM(G31:G33) -> 0
A35: TOTAL DIRECT COST | G35: =G34+G30+G25+G23+G18+G15 -> 0
A37: Manufacturing overheads
B38: Depreciation | G38: [confidential]
B39: Maintenance | G39: [confidential]
B40: Indirect labour (if not included in direct labour) | G40: [confidential]
B41: Energy and utilities (if not included in direct energy)
A42: TOTAL MANUFACTURING OVERHEADS | G42: =SUM(G38:G41) -> 0
B44: TOTAL COST OF MANUFACTURING | G44: 613.31
A47: 1 Please specify the commodity code under the Harmonized System of the World Customs Organisation, which are identified by a 6-digit code. http://www.wcoomd.org/
A48: 2 Please specify the unit used, e.g. tons, liter, kWh, hour worked, etc.
A49: 3 If sold or re-introduced into production, please indicate a negative value ; If by-product is a waste, please indicate the value of disposal as a cost.
A53: Administrative, selling and general costs and for profits
A55: LG Chem, Ltd | H55: Hanwha Solutions Corporation
A56: https://www.lgchem.com/upload/file/audit-report/LG_Chem_FY2025_2Q_K-IFRS_Eng_Consoliated_Audit_report%5b0%5d.pdf | H56: https://www.hanwhasolutions.com/en/company/investors/earnings-release/list
H57: https://www.hanwhasolutions.com/file/board/485
B58: LG Chem, Ltd., for the 6-month period ended 30 June 2025 | C58: In millions KRW
B59: Revenue | C59: 23538863 | H59: Hanwha Solutions Corporation, for the 2023 financial year | I59: In millions KRW
B60: Cost of sales | C60: -19618679 | H60: Revenue | I60: 7305296
B61: Gross profit | C61: 3920184 | H61: Selling, General & Administrative expenses | I61: 793201
B62: Other operating income | C62: 948477 | H62: Operating Income | I62: 21556
B63: Selling and administrative expenses | C63: -3954211 | H63: Financial Income | I63: 60667
B64: Operating income | C64: 914450 | H64: Financial expenses | I64: 270693
B65: Financial income | C65: 1661824 | H65: Income (loss) before income tax expense | I65: 377013
B66: Financial costs | C66: -1878688 | H66: SG&A % | I66: 0.14
B67: Profit before income tax | C67: 251919 | H67: Profit % | I67: 0.05
B68: Other non-operating income | C68: 565035
B69: Other non-operating expenses | C69: -907184
B70: SG&A % | C70: 0.14
B71: Profit % | C71: 0.01
H72: Constructed Normal Value
H73: Average cost of manufacturing (£/t) | J73: =G44 -> 613.31
B74: Constructed Normal Value | H74: SG&A | I74: 0.14 | J74: =J73*I74 -> 85.8634
B75: Average cost of manufacturing (£/t) | D75: =G44 -> 613.31 | H75: Profit | I75: 0.05 | J75: =J73*I75 -> 30.6655
B76: SG&A | C76: 0.14 | D76: =D75*C76 -> 85.8634 | H76: CNV (£/t) | J76: =SUM(J73:J75) -> 729.8389
B77: Profit | C77: 0.01 | D77: =D75*C77 -> 6.1331
B78: CNV (£/t) | D78: =SUM(D75:D77) -> 705.3065

Sheet Malaysia Raw Material Value
B2: Raw Materials
C4: Total value | D4: Total volume (kg) | E4: Unit price (tonne)
B5: Ethylene (HS code 290121) | C5: 14934190 | D5: 22239610 | E5: =SUM(C5/D5)*1000 -> 671.51312
B6: Chlorine (HS code 280110) | C6: 2025821.6 | D6: 8342991.1 | E6: =SUM(C6/D6)*1000 -> 242.81718
B7: Vinyl Acetate (HS code 291532) | C7: 15179942 | D7: 27194528 | E7: =SUM(C7/D7)*1000 -> 558.19842
B13: Energy & Utilities
C15: Tariff Rate - Final, 1 January 2014 | D15: Tariff E2 | E15: Weighted Av. Of POI | F15: £ | G15: £/MWh
B16: Electricity (RM/KWh) | C16: 0.0287 | D16: 0.29275 | E16: =SUM(((C16*7)+(D16*5))/12) -> 0.13872083 | F16: =E16*'Conversion Rate(1)'!N7 -> 0.024494978 | G16: =F16*1000 -> 24.494978
H22: https://www.tnb.com.my/assets/files/Tariff_Rate_Final_01.Jan.2014.pdf
H23: https://www.mytnb.com.my/tariff/index.html?v=1.1.47
C39: RM | D39: €/GJ
B40: Natural Gas (RM/MMBtu) | C40: 37.96 | D40: =C40*'Conversion Rate(1)'!N7 -> 6.7028819 | H40: https://www.petronas.com/mpm/malaysia-e-p/gas-pricing
B41: Steam (£/GJ) 85% boiler efficiency | D41: =D40/0.85 -> 7.8857434 | H41: https://docs.nrel.gov/docs/fy12osti/52750.pdf
H42: https://www.invest.gov.tr/en/investmentguide/pages/cost-of-doing-business.aspx
B45: Labour | C45: RM
B46: Average monthly earnings | C46: 2875 | H46: https://open.dosm.gov.my/dashboard/formal-sector-wages
B47: Average annual earnings | C47: =C46*12 -> 34500
B48: Average hours worked (Q2 2025, Manufacturing sector) | C48: =45.5*4 -> 182 | H48: https://www.dosm.gov.my/portal-main/release-content/labour-productivity-third-quarter-2025
B49: Hourly | C49: =C46/C48 -> 15.796703
B50: Hourly (£) | C50: =C49*'Conversion Rate(1)'!N7 -> 2.7893424

Sheet Malaysia imports raw material
A1: Year | B1: Month | C1: Reporter | D1: Trade Direction | E1: Trade Partner | F1: HS2 Code | G1: HS2 Description | H1: Tariff Line Code | I1: GBP | J1: Primary Quantity | K1: Unit Price | L1: Primary Units
A2: 2025 | B2: 4 | C2: Malaysia | D2: Import | E2: Australia | F2: 28 | G2: Inorganic Chemicals; Organic Or Inorganic Compounds Of Precious Metals, Of Rare-Earth Metals, Of Radioactive Elements Or Of Isotopes | H2: 2801100000 | I2: 706.29 | J2: 1 | K2: 706.29 | L2: KG
A3: 2025 | B3: 10 | C3: Malaysia | D3: Import | E3: Australia | F3: 28 | G3: Inorganic Chemicals; Organic Or Inorganic Compounds Of Precious Metals, Of Rare-Earth Metals, Of Radioactive Elements Or Of Isotopes | H3: 2801100000 | I3: 2294.2 | J3: 1320 | K3: 1.74 | L3: KG
A4: 2025 | B4: 9 | C4: Malaysia | D4: Import | E4: Brunei Darussalam | F4: 28 | G4: Inorganic Chemicals; Organic Or Inorganic Compounds Of Precious Metals, Of Rare-Earth Metals, Of Radioactive Elements Or Of Isotopes | H4: 2801100000 | I4: 527.64 | J4: 2000 | K4: 0.26 | L4: KG
A5: 2025 | B5: 3 | C5: Malaysia | D5: Import | E5: China | F5: 28 | G5: Inorganic Chemicals; Organic Or Inorganic Compounds Of Precious Metals, Of Rare-Earth Metals, Of Radioactive Elements Or Of Isotopes | H5: 2801100000 | I5: 11.65 | J5: 1 | K5: 11.65 | L5: KG
A6: 2025 | B6: 5 | C6: Malaysia | D6: Import | E6: China | F6: 28 | G6: Inorganic Chemicals; Organic Or Inorganic Compounds Of Precious Metals, Of Rare-Earth Metals, Of Radioactive Elements Or Of Isotopes | H6: 2801100000 | I6: 282.48 | J6: 2.5 | K6: 112.99 | L6: KG
A7: 2025 | B7: 3 | C7: Malaysia | D7: Import | E7: India | F7: 28 | G7: Inorganic Chemicals; Organic Or Inorganic Compounds Of Precious Metals, Of Rare-Earth Metals, Of Radioactive Elements Or Of Isotopes | H7: 2801100000 | I7: 4815.8 | J7: 3000 | K7: 1.61 | L7: KG
A8: 2024 | B8: 11 | C8: Malaysia | D8: Import | E8: Indonesia | F8: 28 | G8: Inorganic Chemicals; Organic Or Inorganic Compounds Of Precious Metals, Of Rare-Earth Metals, Of Radioactive Elements Or Of Isotopes | H8: 2801100000 | I8: 192.4 | J8: 910 | K8: 0.21 | L8: KG
A9: 2024 | B9: 11 | C9: Malaysia | D9: Import | E9: Italy | F9: 28 | G9: Inorganic Chemicals; Organic Or Inorganic Compounds Of Precious Metals, Of Rare-Earth Metals, Of Radioactive Elements Or Of Isotopes | H9: 2801100000 | I9: 352.24 | J9: 42.51 | K9: 8.29 | L9: KG
A10: 2024 | B10: 11 | C10: Malaysia | D10: Import | E10: Japan | F10: 28 | G10: Inorganic Chemicals; Organic Or Inorganic Compounds Of Precious Metals, Of Rare-Earth Metals, Of Radioactive Elements Or Of Isotopes | H10: 2801100000 | I10: 26011.91 | J10: 700 | K10: 37.16 | L10: KG
A11: 2024 | B11: 12 | C11: Malaysia | D11: Import | E11: Japan | F11: 28 | G11: Inorganic Chemicals; Organic Or Inorganic Compounds Of Precious Metals, Of Rare-Earth Metals, Of Radioactive Elements Or Of Isotopes | H11: 2801100000 | I11: 10958.63 | J11: 250 | K11: 43.83 | L11: KG
A12: 2025 | B12: 1 | C12: Malaysia | D12: Import | E12: Japan | F12: 28 | G12: Inorganic Chemicals; Organic Or Inorganic Compounds Of Precious Metals, Of Rare-Earth Metals, Of Radioactive Elements Or Of Isotopes | H12: 2801100000 | I12: 24370.08 | J12: 750 | K12: 32.49 | L12: KG
A13: 2025 | B13: 2 | C13: Malaysia | D13: Import | E13: Japan | F13: 28 | G13: Inorganic Chemicals; Organic Or Inorganic Compounds Of Precious Metals, Of Rare-Earth Metals, Of Radioactive Elements Or Of Isotopes | H13: 2801100000 | I13: 98966.08 | J13: 6400 | K13: 15.46 | L13: KG
... A53: 2025 | B53: 9 | C53: Malaysia | D53: Import | E53: United States | F53: 28 | G53: Inorganic Chemicals; Organic Or Inorganic Compounds Of Precious Metals, Of Rare-Earth Metals, Of Radioactive Elements Or Of Isotopes | H53: 2801100000 | I53: 134.2 | J53: 0.54 | K53: 248.51 | L53: KG

Sheet Malaysia Normal Value
A1: Factors of production - Bill of materials
A3: Product concerned: | B3: SPVC
A4: Company name: | B4: Inovyn
A5: Production site(s) concerned: | B5: [confidential]
A6: Period considered: | B6: [confidential]
A7: Total quantity of product concerned produced: | C7: [confidential] | D7: tons
B9: Factor of production | C9: HS code1 | D9: Unit2 | E9: Unit price (in £/unit) | F9: Quantity consumed to produce 1 MT of product concerned (in unit) | G9: Value to produce 1 MT of product concerned (in £)
A10: Direct raw material | B10: Ethylene | C10: 290121 | D10: MT | E10: ='Malaysia Raw Material Value'!E5 -> 671.51312 | F10: [confidential] | G10: [confidential]
B11: Chlorine | C11: 280110 | D11: MT | E11: ='Malaysia Raw Material Value'!E6 -> 242.81718 | F11: [confidential] | G11: [confidential]
B12: Chemicals | D12: MT or kg | G12: [confidential] | H12: Including initiators, dispersing agents, other additives
B13: Vinyl Acetate Monomer | C13: 291532 | D13: MT or kg | E13: ='Malaysia Raw Material Value'!E7 -> 558.19842 | F13: [confidential] | G13: [confidential]
B14: Others | D14: MT or kg | G14: [confidential] | H14: Hydrogen, nitrogen, oxygen, caustic, logistic costs linked to purchases of EDC and VCM.
B15: Raw material cost total | G15: =SUM(G10:G14) -> 0
A16: By-product or waste3 | B16: Scrap (if applicable) | D16: MT or kg
B17: Waste (if applicable)
B18: By-product or scrap | G18: =SUM(G16:G17) -> 0
A19: Energy and utilities | B19: Energy - Electricity | C19: n.a. | D19: MWh | E19: ='Malaysia Raw Material Value'!G16 -> 24.494978 | F19: [confidential] | G19: [confidential] | H19: Used in PVC, VCM and EDC
B20: Energy - Gaz | C20: n.a. | D20: GJ | E20: ='Malaysia Raw Material Value'!D40 -> 6.7028819 | F20: [confidential] | G20: [confidential] | H20: Used in PVC, VCM and EDC
B21: Energy - Steam | C21: n.a. | D21: GJ | E21: ='Malaysia Raw Material Value'!D41 -> 7.8857434 | F21: [confidential] | G21: [confidential] | H21: Used in PVC, VCM and EDC
B22: Utility - Water | C22: n.a. | D22: Liter
B23: Energy cost total | G23: =SUM(G19:G22) -> 0
A24: Direct labour | B24: Direct labour | C24: n.a. | D24: hours | E24: ='Malaysia Raw Material Value'!C50 -> 2.7893424 | F24: [confidential] | G24: [confidential]
B25: Labour cost total | G25: =SUM(G24:G24) -> 0
A26: Packaging | B26: Packing materials (all together) | D26: Mix | G26: [confidential]
B27: Packing material 2 (wood) | D27: kg
B28: Packing material 3 (paper) | D28: kg
B29: Packing labour | D29: hours worked
B30: Packing cost total | G30: =SUM(G26:G29) -> 0
A31: Other direct cost | B31: Please specify | G31: 0
B32: Please specify
B33: Please specify
B34: Other direct cost total | G34: =SUM(G31:G33) -> 0
A35: TOTAL DIRECT COST | G35: =G34+G30+G25+G23+G18+G15 -> 0
A37: Manufacturing overheads
B38: Depreciation | G38: [confidential]
B39: Maintenance | G39: [confidential]
B40: Indirect labour (if not included in direct labour) | G40: [confidential]
B41: Energy and utilities (if not included in direct energy)
A42: TOTAL MANUFACTURING OVERHEADS | G42: =SUM(G39:G41) -> 0
B44: TOTAL COST OF MANUFACTURING | G44: 716.95
A47: 1 Please specify the commodity code under the Harmonized System of the World Customs Organisation, which are identified by a 6-digit code. http://www.wcoomd.org/
A48: 2 Please specify the unit used, e.g. tons, liter, kWh, hour worked, etc.
A49: 3 If sold or re-introduced into production, please indicate a negative value ; If by-product is a waste, please indicate the value of disposal as a cost.
A53: Administrative, selling and general costs and for profits
A55: Kaneka Paste Polymers Sdn. Bhd
B58: Kaneka Paste Polymers Sdn. Bhd. for the year 2024 | C58: In thousands USD | G58: PETRONAS CHEMICALS GROUP BERHAD | H58: In RM Mil
B59: Net sales revenue | C59: 44574.44 | G59: Net sales revenue | H59: 30671
B60: Cost of sales | C60: -41189.45 | G60: Cost of sales | H60: -25965
B61: Gross Profit | C61: 3384.99 | G61: Gross (loss) profit | H61: 4706
B62: Depreciation, amortisation, impairement | C62: -2422.98 | G62: Distribution expenses | H62: -2144
B63: Selling, General & Administrative expenses | C63: 9292.62 | G63: Administrative Expenses | H63: -1526
B64: Operating Profit (EBIT) | C64: -3484.65 | G64: Finance costs | H64: -260
B65: Profit before income tax | C65: -3484.65 | G65: Profit before Income Tax | H65: 1690
B66: SG&A % | C66: 0.21 | G66: SG&A % | H66: 0.13
B67: Profit % | C67: -0.08 | G67: Profit % | H67: 0.06
B68: Kaneka Paste Polymers Financial Statement (China – Malaysia)
B71: Constructed Normal Value | G71: Constructed Normal Value
B72: Average cost of manufacturing (£/t) | D72: =G44 -> 716.95 | G72: Average cost of manufacturing (£/t) | I72: =G44 -> 716.95
B73: SG&A | C73: 0.21 | D73: =D72*C73 -> 150.5595 | G73: SG&A | H73: 0.13 | I73: =I72*H73 -> 93.2035
B74: Profit | C74: -0.08 | D74: =(D72+D73)*C74 -> -69.40076 | G74: Profit | H74: 0.06 | I74: =(I72+I73)*H74 -> 48.60921
B75: CNV (£/t) | D75: =SUM(D72:D74) -> 798.10874 | G75: CNV (£/t) | I75: =SUM(I72:I74) -> 858.76271

Sheet Conversion Rate(1)
B2: 45627 | C2: 45658 | D2: 45689 | E2: 45717 | F2: 45748 | G2: 45778 | H2: 45809 | I2: 45839 | J2: 45870 | K2: 45901 | L2: 45931 | M2: 45962 | N2: POI (Dec/24 to Nov 25)
A3: USD/GBP | B3: 0.78951 | C3: 0.79424 | D3: 0.80443 | E3: 0.78909 | F3: 0.77205 | G3: 0.74721 | H3: 0.73802 | I3: 0.72873 | J3: 0.74798 | K3: 0.73972 | L3: 0.74409 | M3: 0.76199 | N3: =AVERAGE(B3:M3) -> 0.76308833
A4: TWD/GBP | B4: 0.02425 | C4: 0.02423 | D4: 0.02446 | E4: 0.02406 | F4: 0.02332 | G4: 0.02294 | H4: 0.02459 | I4: 0.02499 | J4: 0.02518 | K4: 0.02429 | L4: 0.02447 | M4: 0.02476 | N4: =AVERAGE(B4:M4) -> 0.024295
A5: RMB/GBP | B5: 0.10894 | C5: 0.10881 | D5: 0.11094 | E5: 0.1086 | F5: 0.10626 | G5: 0.10274 | H5: 0.10257 | I5: 0.10161 | J5: 0.10415 | K5: 0.10373 | L5: 0.10449 | M5: 0.10711 | N5: =AVERAGE(B5:M5) -> 0.10582917
A6: EUR/GBP | B6: 0.8323 | C6: 0.8295 | D6: 0.83685 | E6: 0.82673 | F6: 0.83358 | G6: 0.8498 | H6: 0.8381 | I6: 0.8529 | J6: 0.8622 | K6: 0.8637 | L6: 0.8723 | M6: 0.8801 | N6: =AVERAGE(B6:M6) -> 0.84817167
A7: MYR/GBP | B7: 0.17754 | C7: 0.17788 | D7: 0.18312 | E7: 0.17754 | F7: 0.17398 | G7: 0.17266 | H7: 0.1741 | I7: 0.17232 | J7: 0.17641 | K7: 0.17541 | L7: 0.17654 | M7: 0.18143 | N7: =AVERAGE(B7:M7) -> 0.1765775
A8: MXN/GBP | B8: 0.03882 | C8: 0.03897 | D8: 0.03919 | E8: 0.03872 | F8: 0.03795 | G8: 0.03812 | H8: 0.03833 | I8: 0.03863 | J8: 0.03988 | K8: 0.03975 | L8: 0.04058 | M8: 0.04097 | N8: =AVERAGE(B8:M8) -> 0.039159167
A11: Source: | B11: Prices are converted from $/t to £/t using the exchange rates quoted by the European Central Bank. The exchange rates provided are monthly averages.
B12: Accessible here: https://commission.europa.eu/funding-tenders/procedures-guidelines-tenders/information-contractors-and-beneficiaries/exchange-rate-inforeuro_en
